cohdb
Replays
Latest Replays
All Replays
Popular Replays
Top Player Replays
Match Explorer
How It Works
Community
CoH3 Stats
Reddit
Sign in to upload your games and track your stats! →
Sign in with Steam
Match 43475609
Unlisted
Match 43475609
Overview
Messages
Build Orders
End
Pioneer Squad
Construct Infanterie Kompanie
Grenadier Squad
Grenadier Squad
Selects Breakthrough Battlegroup
Selects Breakthrough Battlegroup
Selects Assault Grenadiers
Grenadier Squad
Infanterie Officer Quarters
Pioneer Squad
MG 42 Machine Gun Team
Construct Panzergrenadier Kompanie
Selects Breakthrough
Breakthrough
Pak 40 Anti-tank Gun Team
Selects Mechanized Assault Group
Mechanized Assault Group
Selects Rapid Production
Panzergrenadier Officer Quarters
Pak 40 Anti-tank Gun Team
Construct Panzer Kompanie
Panzer IV Medium Tank
Selects Blitzkrieg
Panzer IV Medium Tank
Side Skirts
cannot compute
nilshousker
ropicophop
RC40D
0
0
Comments
sign in to comment!
No comments posted yet!